[ AOE2 MATCH · #507215416 ]
UnrankedBritons vs Aztecs
Player's team · LOSS
Rival team · WIN
[ REPLAY ANALYSIS · EXTRACTED FROM THE RECORDED GAME ]
Feudal
9:17
Castle
—
Imperial
—
| APM avg | 68.2 |
| APM peak | 89 |
| eAPM avg | 18.8 |
| Villagers / military | 29 / 5 |
Focus
⚔️ 36.8% · 🌾 63.2%
Militia ×3 · Skirmisher ×2
Feudal
10:35
Castle
—
Imperial
—
| APM avg | 66.2 |
| APM peak | 72 |
| eAPM avg | 29.4 |
| Villagers / military | 22 / 8 |
Focus
⚔️ 48.6% · 🌾 51.4%
Militia ×7 · Archer ×1
Match map
Initial resources + every placement click. Lines = walls · curves = elevation contours. ◆ gold · ⬟ stone · ● berries · ✦ relic · ◌ wall gap
Your base· Open — unwalled flank
Philippvs II's base· Open — unwalled flank
Smoothed initial terrain · ◌ = detected wall gap · hover for details
Inputs per minute
— 王德发 - - Philippvs II
Build order — 王德发
63 actions detected in the replay
| 0:02 | Queue | Villager (Male) |
| 0:02 | Queue | Villager (Male) |
| 0:02 | Queue | Villager (Male) |
| 0:02 | Queue | Villager (Male) |
| 0:04 | Build | House |
| 0:06 | Build | House |
| 1:22 | Queue | Villager (Male) |
| 1:46 | Queue | Villager (Male) |
| 2:22 | Build | Lumber Camp |
| 2:24 | Queue | Villager (Male) |
| 2:24 | Queue | Villager (Male) |
| 2:25 | Queue | Villager (Male) |
| 2:56 | Queue | Villager (Male) |
| 2:56 | Queue | Villager (Male) |
| 3:07 | Build | House |
| 3:40 | Queue | Villager (Male) |
| 3:40 | Queue | Villager (Male) |
| 4:21 | Queue | Villager (Male) |
| 4:22 | Queue | Villager (Male) |
| 4:27 | Queue | Villager (Male) |
| 5:02 | Build | Mill |
| 5:35 | Queue | Villager (Male) |
| 5:36 | Queue | Villager (Male) |
| 5:55 | Research | Loom |
| 6:30 | Build | House |
| 6:55 | Research | Feudal Age |
| 6:58 | Build | House |
| 7:31 | Build | Barracks |
| 7:46 | Build | Palisade Wall |
| 7:52 | Build | Palisade Wall |
| 8:19 | Build | House |
| 8:23 | Build | Palisade Wall |
| 8:25 | Build | Palisade Wall |
| 8:27 | Build | Palisade Wall |
| 8:43 | Queue | Villager (Male) |
| 8:43 | Queue | Militia |
| 8:45 | Build | House |
| 9:08 | Queue | Militia |
| 9:17 | Age | Feudal Age |
| 9:40 | Queue | Villager (Male) |
| 9:40 | Queue | Villager (Male) |
| 9:40 | Queue | Villager (Male) |
| 10:04 | Queue | Militia |
| 10:07 | Queue | Villager (Male) |
| 10:08 | Queue | Villager (Male) |
| 10:12 | Build | House |
| 10:13 | Build | House |
| 10:20 | Queue | Villager (Male) |
| 10:26 | Build | House |
| 10:42 | Build | Archery Range |
| 11:03 | Queue | Villager (Male) |
| 11:25 | Queue | Skirmisher |
| 11:27 | Build | Archery Range |
| 11:33 | Build | Farm |
| 11:34 | Build | Farm |
| 11:37 | Build | Farm |
| 11:38 | Build | Farm |
| 11:44 | Build | Farm |
| 11:50 | Queue | Skirmisher |
| 11:51 | Queue | Villager (Male) |
| 11:51 | Queue | Villager (Male) |
| 11:51 | Queue | Villager (Male) |
| 12:06 | Build | Lumber Camp |
Build order — Philippvs II
46 actions detected in the replay
| 0:02 | Queue | Villager (Male) |
| 0:02 | Queue | Villager (Male) |
| 0:02 | Queue | Villager (Male) |
| 0:03 | Build | House |
| 0:06 | Build | House |
| 0:08 | Queue | Villager (Male) |
| 0:09 | Queue | Villager (Male) |
| 1:47 | Queue | Villager (Male) |
| 1:48 | Queue | Villager (Male) |
| 2:07 | Research | Loom |
| 2:32 | Build | House |
| 2:41 | Queue | Villager (Male) |
| 3:14 | Build | Barracks |
| 3:21 | Queue | Villager (Male) |
| 3:21 | Queue | Villager (Male) |
| 3:32 | Build | House |
| 3:35 | Queue | Villager (Male) |
| 3:36 | Queue | Villager (Male) |
| 3:51 | Queue | Villager (Male) |
| 4:19 | Queue | Villager (Male) |
| 4:41 | Queue | Militia |
| 4:41 | Queue | Militia |
| 4:51 | Queue | Militia |
| 5:02 | Queue | Militia |
| 5:02 | Queue | Militia |
| 5:13 | Queue | Villager (Male) |
| 5:14 | Queue | Villager (Male) |
| 5:27 | Queue | Militia |
| 5:39 | Queue | Villager (Male) |
| 5:58 | Queue | Militia |
| 6:16 | Queue | Villager (Male) |
| 6:22 | Build | Lumber Camp |
| 6:33 | Queue | Villager (Male) |
| 7:01 | Queue | Villager (Male) |
| 7:39 | Build | House |
| 8:25 | Research | Feudal Age |
| 9:17 | Build | Mill |
| 10:21 | Build | House |
| 10:35 | Age | Feudal Age |
| 10:46 | Build | Watch Tower |
| 10:50 | Queue | Villager (Male) |
| 10:57 | Build | Archery Range |
| 11:12 | Queue | Villager (Male) |
| 11:17 | Research | Man-at-Arms (upgrade) |
| 12:28 | Build | Mining Camp |
| 12:29 | Queue | Archer |
Match timeline
| 3:14 | Philippvs II · first_building Barracks |
| 7:31 | 王德发 · first_building Barracks |
| 7:46 | 王德发 · wall_segment Palisade Wall x1 |
| 7:52 | 王德发 · wall_segment Palisade Wall x1 |
| 8:23 | 王德发 · wall_segment Palisade Wall x1 |
| 8:25 | 王德发 · wall_segment Palisade Wall x1 |
| 8:27 | 王德发 · wall_segment Palisade Wall x1 |
| 9:17 | 王德发 · age_up feudal |
| 10:35 | Philippvs II · age_up feudal |
| 10:42 | 王德发 · first_building Archery Range |
| 10:57 | Philippvs II · first_building Archery Range |
| 12:30 | 王德发 · resign |
[ AI ANALYSIS · 1 CREDIT ]
What really happened in this match?
Wolo.gg analyzes every decision: build order, eco, micro, common mistakes by bracket. Personalized analysis on WhatsApp or Discord in 30 seconds.
Civ guide
Britons
Perfil
Jugador #4281446